 Dungeon Crawl Stone Soup version 0.18.1-48-g4cf74bf (webtiles) character file.

20 juanjsm the Insei (level 2, -5/19 HPs)
             Began as an Octopode Transmuter on July 18, 2016.
             Killed from afar by Sigmund (11 damage)
             ... with a puff of flame
             ... on level 2 of the Dungeon.
             The game lasted 00:02:32 (808 turns).

juanjsm the Insei (Octopode Transmuter)              Turns: 808, Time: 00:02:33

Health: -5/19      AC:  1    Str:  9    XL:     2   Next: 79%
Magic:  5/5        EV: 12    Int: 15    God:
Gold:   59         SH:  0    Dex: 12    Spells: 1 memorised, 4 levels left

rFire  . . .     SeeInvis .       - Unarmed
rCold  . . .     Gourm    .     (no shield)
rNeg   . . .     Faith    .     (helmet restricted)
rPois  .         Spirit   .     (no amulet)
rElec  .         Dismiss  .     (no ring)
rCorr  .         Reflect  .     (no ring)
SustAt .         Harm     .     (no ring)
MR     .....                    (no ring)
Stlth  ++........               (no ring)
                                (no ring)
                                (no ring)
                                (no ring)

@: confused, not resistant to hostile enchantments, unstealthy
A: almost no armour, amphibious, 8 rings, constrict 8, camouflage 1, gelatinous
body 1
a: no special abilities


You were on level 2 of the Dungeon.
You were not hungry.

You visited 1 branch of the dungeon, and saw 2 of its levels.

You collected 59 gold pieces.

Inventory:

Missiles
 a - 12 arrows
Scrolls
 e - 2 scrolls of random uselessness {unknown}
 f - a scroll of teleportation {unknown}
 h - a scroll of fog {unknown}
 i - a scroll of enchant weapon {unknown}
Potions
 g - 2 potions of cancellation {unknown}
 j - 2 potions of curing {unknown}
Books
 b - a book of Changes

   Spells                             Type                      Level
   a - Beastly Appendage              Transmutation                1
   b - Sticks to Snakes               Transmutation                2
   c - Spider Form                    Transmutation/Poison         3
   d - Ice Form                       Ice/Transmutation            4
   e - Blade Hands                    Transmutation                5
Comestibles
 c - 2 bread rations
 d - 5 chunks of flesh


   Skills:
 + Level 2.0 Fighting
 - Level 2.0 Dodging
 + Level 3.4 Unarmed Combat
 - Level 2.0 Spellcasting
 - Level 2.0 Transmutations


You had 4 spell levels left.
You knew the following spells:

 Your Spells              Type           Power        Failure   Level  Hunger
a - Beastly Appendage     Trmt           #.....       12%         1    #......


Dungeon Overview and Level Annotations

Branches:
Dungeon (2/15)

Altars:
Ashenzari
Qazlal

Annotations:
D:2 Sigmund


Innate Abilities, Weirdness & Mutations

You cannot wear most types of armour.
You are amphibious.
You can wear up to eight rings at the same time.
You can use your tentacles to constrict eight enemies at once.
Your skin changes colour to match your surroundings (Stealth).
Your rubbery body absorbs attacks (AC +1).


Message History

You tentacle-slap the goblin. Your grab misses the goblin.
You pierce the goblin, but do no damage.
You squeeze the goblin.
You kill the goblin!
Your transformation is almost over.
Your magical contamination has completely faded away.
Your tentacle spike disappears.
There is a stone staircase leading down here.
You see here a glowing whip.
Sigmund gestures at you while chanting. The puff of flame hits you!
Sigmund points at you and mumbles some strange words.
The magic dart hits you!
* * * LOW HITPOINT WARNING * * *
Sigmund points at you and mumbles some strange words.
You are confused.
Sigmund casts a spell at you. The puff of flame hits you!
Ouch! That really hurt!
You die...

# #....###...## #
#.##.##.....##### #
#.##@#.......#... #
#.##....._....... #
#.####.......#
#######.# ##.....###
.......@#
##...##.########
######..#
##.##.......... #..#
#.@.#.####....
#..#######...#.####....
#......@)>.............
##.########....####....
#..# ##....# . ##.#
#....### #># #......#
#.# #..#.#.### #.#
#..#.....#


You could see Sigmund.

Vanquished Creatures
  A giant gecko (D:1)
  3 goblins
  A hobgoblin (D:1)
  2 jackals (D:1)
  A ball python (D:2)
  5 bats
  A giant newt (D:2)
  3 kobolds (D:1)
  2 rats (D:1)
19 creatures vanquished.

Notes
Turn   | Place    | Note
--------------------------------------------------------------
     0 | D:1      | juanjsm the Octopode Transmuter began the quest for the Orb.
     0 | D:1      | Reached XP level 1. HP: 13/13 MP: 3/3
   263 | D:1      | Reached XP level 2. HP: 13/18 MP: 3/5
   749 | D:2      | Found a stormy altar of Qazlal.
   766 | D:2      | Found a shattered altar of Ashenzari.
   769 | D:2      | Noticed Sigmund
   808 | D:2      | Killed from afar by Sigmund

Skill      XL: |  1  2 |
---------------+-------+-----
Fighting       | 2 |  2.0
Dodging        | |  2.0
Unarmed Combat | |  3.4
Spellcasting   | |  2.0
Transmutations | |  2.0

Action                   || total
-------------------------++-------
Melee: Unarmed           ||    41
       Constrict         ||    11
       Kick              ||     6
       Tentacles         ||     5
 Cast: Beastly Appendage ||    12
 Stab: Sleeping          ||     3
Armor: Skin              ||    12
Dodge: Dodged            ||    29
